 Dungeon Crawl Stone Soup version 0.18.1-1-g2f07953 (webtiles) character file.

630 IcyTea the Slasher (level 7, 0/38 HPs)
             Began as a Tengu Artificer on May 7, 2016.
             Slain by Duvessa
             ... wielding a +0 short sword
              (11 damage)
             ... on level 4 of the Dungeon.
             The game lasted 00:20:42 (4725 turns).

IcyTea the Slasher (Tengu Artificer)                Turns: 4725, Time: 00:20:42

Health: 0/38       AC:  6    Str: 13    XL:     7   Next: 48%
Magic:  10/10      EV:  9    Int: 13    God:
Gold:   224        SH:  0    Dex: 14    Spells: 0 memorised, 6 levels left

rFire  . . .     SeeInvis .     i - +0 falchion
rCold  . . .     Gourm    .     g - +0 scale mail
rNeg   . . .     Faith    .     (no shield)
rPois  +         Spirit   .     (helmet restricted)
rElec  .         Dismiss  +     (no cloak)
rCorr  .         Reflect  .     (no gloves)
SustAt .         Harm     .     (boots unavailable)
MR     .....                    o - amulet of dismissal
Stlth  ..........               (no ring)
                                j - ring of poison resistance

@: not resistant to hostile enchantments, extremely unstealthy
A: beak, talons 3, able to fly 1
a: Fly


You were on level 4 of the Dungeon.
You were not hungry.

You visited 1 branch of the dungeon, and saw 4 of its levels.

You collected 224 gold pieces.

Inventory:

Hand Weapons
 i - a +0 falchion (weapon)
Missiles
 b - 5 tomahawks (quivered)
Armour
 g - a +0 scale mail (worn)
Jewellery
 j - a ring of poison resistance (left hand)
 o - an amulet of dismissal (around neck)
Wands
 c - a wand of flame (0/48)
 d - a wand of enslavement (3/24)
 e - a wand of random effects (0/48)
 l - a wand of teleportation (5/9)
Scrolls
 m - a scroll of immolation
Comestibles
 a - a beef jerky
 f - 2 bread rations
 h - 8 fruits
 k - 2 slices of pizza
 n - 2 chunks of flesh
 p - 3 meat rations


   Skills:
 - Level 1.0 Fighting
   Level 1.1(4.4) Short Blades
 + Level 6.8(6.9) Long Blades
 - Level 3.0 Throwing
 - Level 3.0 Armour
 - Level 2.1 Dodging
 - Level 1.0 Stealth
 - Level 3.1 Evocations


You had 6 spell levels left.
You didn't know any spells.

Dungeon Overview and Level Annotations

Branches:
Dungeon (4/15)
 Temple: D:4-7

Altars:
Gozag
The Shining One

Annotations:
D:4 Duvessa


Innate Abilities, Weirdness & Mutations

You have a beak for a mouth.
You have claws for feet.
You can fly.


Message History

You feel your strength returning.
You see here a hound corpse.
You start resting.
Your magical contamination has completely faded away.
You start resting.
Duvessa shouts!
Duvessa goes berserk!
Duvessa rages.
You see here a hound corpse.
Evoke which item? (* to show all) (? for menu, Esc to quit)
Zapping:
c - a wand of flame (1/48)
Press: ? - help, Shift-Dir - straight line, f - Duvessa
Aim: Duvessa, wielding a short sword (berserk, fast, unusually strong)
The puff of flame hits Duvessa.
Duvessa is lightly wounded.
This wand has 0 charges left.
Duvessa hits you with a short sword!
* * * LOW HITPOINT WARNING * * *
Duvessa hits you with a short sword!
You die...

#§§§# ♣♣ #§§§# # ♣.##
####...# # ... #...#.###
## ... #######.#.#...###.
#####.##....†..#.###.....
.........######.......###
#♣ .#####e## #.....>##
#♣≈♣##..####.@# #......#
♣PP≈≈.....
##.....###..##..#
♣≈P≈≈##..#.
###..............
♣♣≈PP≈.....
.#..##.........
♣≈≈P≈P...# ##..#.........
##♣P≈≈≈≈...♣# .$........#
#.≈≈≈≈≈≈...≈♣ .
.≈≈≈≈≈P...≈≈♣♣
≈≈≈≈≈≈≈....≈≈♣...


You could see Duvessa (berserk).

Vanquished Creatures
  The ghost of Stigweard the Cudgeler, a novice NaFi (D:4)
  Dowan (D:4)
  2 hounds (D:4)
  2 orc wizards (D:3)
  3 adders (D:2)
  A shadow imp (D:4)
  An ooze (D:3)
  An adder skeleton (D:4)
  A worm (D:3)
  2 dart slugs
  2 orcs
  2 giant cockroaches (D:1)
  12 goblins
  7 hobgoblins
  3 jackals (D:3)
  10 kobolds
  2 quokkas (D:3)
  2 ball pythons
  9 bats
  A giant gecko zombie (D:3)
  4 giant newts
  13 rats
82 creatures vanquished.

Vanquished Creatures (collateral kills)
  An orc wizard (D:3)
  A dart slug (D:3)
  2 orcs (D:3)
4 creatures vanquished.

Vanquished Creatures (others)
  2 orcs (D:3)
2 creatures vanquished.

Grand Total: 88 creatures vanquished

Notes
Turn   | Place    | Note
--------------------------------------------------------------
     0 | D:1      | IcyTea the Tengu Artificer began the quest for the Orb.
     0 | D:1      | Reached XP level 1. HP: 12/12 MP: 4/4
   185 | D:1      | Reached skill level 1 in Armour
   239 | D:1      | Reached XP level 2. HP: 12/16 MP: 5/5
   736 | D:1      | Reached XP level 3. HP: 18/20 MP: 6/6
  1215 | D:2      | Reached skill level 1 in Throwing
  1405 | D:2      | Found a glowing golden altar of the Shining One.
  1430 | D:2      | Found an opulent altar of Gozag.
  1689 | D:2      | Reached XP level 4. HP: 19/25 MP: 7/7
  2970 | D:3      | Gained mutation: You can fly. [Tengu growth]
  2970 | D:3      | Reached XP level 5. HP: 27/29 MP: 8/8
  3077 | D:4      | Noticed Stigweard's ghost (novice NaFi)
  3100 | D:4      | Killed Stigweard's ghost
  3100 | D:4      | Reached skill level 5 in Long Blades
  3100 | D:4      | Reached XP level 6. HP: 34/34 MP: 9/9
  3100 | D:4      | Reached XP level 7. HP: 38/38 MP: 10/10
  3642 | D:4      | Noticed Dowan
  3646 | D:4      | Noticed Duvessa
  3953 | D:3      | Reached skill level 6 in Long Blades
  4506 | D:4      | Killed Dowan
  4725 | D:4      | Slain by Duvessa

Skill      XL: |  1  2  3  4  5  6  7 |
---------------+----------------------+-----
Armour         | 1 2 3 |  3.0
Throwing       | 2 3 |  3.0
Long Blades    | 5 6 |  6.8
Fighting       | |  1.0
Short Blades   | |  1.1
Dodging        | |  2.1
Stealth        | |  1.0
Evocations     | |  3.1

Action                   |  1- 3 |  4- 6 |  7- 9 || total
-------------------------+-------+-------+-------++-------
Melee: Short sword       |   130 |    71 |       ||   201
       Kick              |    32 |    17 |    26 ||    75
       Peck              |    16 |    13 |    17 ||    46
       Falchion          |       |     8 |    93 ||   101
Evoke: Wand              |     2 |    23 |    17 ||    42
  Use: Scroll            |     2 |     4 |     2 ||     8
       Potion            |       |     3 |     1 ||     4
 Stab: Sleeping          |     1 |       |       ||     1
       Paralysed         |       |     2 |       ||     2
  Eat: Chunk             |     2 |     5 |     4 ||    11
       Beef jerky        |       |       |     1 ||     1
Armor: Leather armour    |     5 |       |       ||     5
       Scale mail        |    57 |    28 |    50 ||   135
Dodge: Dodged            |    68 |    43 |    63 ||   174
